 Dungeon Crawl Stone Soup version 0.29-a0-414-g5075937ec3 (webtiles) character file.

Game seed: 17250559630583667691

411 purpskrrrp the Skirmisher (level 6, 0/67 HPs)
             Began as an Ogre Fighter on May 15, 2022.
             Was a Believer of Trog.
             Slain by an adder (3 damage)
             ... on level 4 of the Dungeon.
             The game lasted 00:20:07 (3683 turns).

purpskrrrp the Skirmisher (Ogre Fighter)            Turns: 3683, Time: 00:20:08

Health: 0/67       AC:  3    Str: 23    XL:     6   Next: 90%
Magic:  6/6        EV: 10    Int:  9    God:    Trog [**....]
Gold:   129        SH:  0    Dex:  8    Spells: 5/5 levels left

rFire   . . .      SeeInvis .   a - +0 war axe
rCold   . . .      Faith    .   (no shield)
rNeg    . . .      Spirit   .   b - +0 robe
rPois   .          Reflect  .   (helmet restricted)
rElec   .          Harm     .   (no cloak)
rCorr   .          Rampage  .   (gloves unavailable)
Will    .....                   (boots unavailable)
Stlth   +.........              s - amulet of the acrobat
HPRegen 0.21/turn               (no ring)
MPRegen 0.10/turn               (no ring)

@: lethally poisoned (0 -> -6)
A: large, unfitting armour, tough skin 1
a: Renounce Religion, Berserk, Trog's Hand


You were on level 4 of the Dungeon.
You worshipped Trog.
Trog was pleased with you.
You visited 1 branch of the dungeon, and saw 4 of its levels.

You collected 129 gold pieces.

Inventory:

Hand Weapons
 a - a +0 war axe (weapon)
 e - a +0 club
 h - a +0 mace
 l - a +3 short sword
 q - the +4 hunting sling "Rookaq" {freeze, rF- Will+ Dex+4}
   (You found it on level 2 of the Dungeon)

   Any ammunition fired from it freezes those it strikes, dealing additional
   cold damage.
   It can also slow down cold-blooded creatures.
   Dex:       It affects your dexterity (+4).
   rF:        It makes you vulnerable to fire.
   Will:      It increases your willpower.
 r - a +3 arbalest of flaming
Missiles
 d - 6 javelins (quivered)
Armour
 b - a +0 robe (worn)
 c - a +0 kite shield
 o - a +0 helmet
 t - a +0 pair of gloves
Magical Staves
 m - a staff of fire
Jewellery
 s - an amulet of the acrobat (around neck)
Scrolls
 f - 2 scrolls of teleportation
 j - a scroll of summoning
 k - 2 scrolls of vulnerability
 p - a scroll of blinking
Potions
 g - a potion of haste
 i - 3 potions of curing


   Skills:
 + Level 5.6 Fighting
 + Level 3.7(3.8) Axes
 + Level 0.7(2.2) Maces & Flails
 + Level 0.5 Slings
 + Level 2.3 Crossbows
 + Level 3.5 Dodging
 + Level 1.0 Stealth
 + Level 3.4 Shields


You had 5 spell levels left.
You didn't know any spells.
Your spell library contained the following spells:

 Spells                   Type           Power      Damage    Failure   Level
 Animate Skeleton         Necr           0%         N/A       38%         1
 Pain                     Necr           0%         1d4       38%         1
 Vampiric Draining        Necr           0%         2d6       77%         3


Dungeon Overview and Level Annotations

Branches:
Dungeon (4/15)
 Temple: D:4-7

Altars:
Trog
Xom
Zin


Innate Abilities, Weirdness & Mutations

You are too large for most types of armour.
You have tough skin. (AC +1)


Message History

The adder bites you but does no damage.
You hit the adder but do no damage. The adder bites you.
The adder completely misses you.
You closely miss the adder. The adder bites you. x2
You are poisoned.
The adder poisons you!
The scorpion stings you but does no damage.
You hit the adder.
The adder is moderately wounded.
You closely miss the scorpion.
You feel sick. The adder bites you but does no damage. The scorpion stings you.
* * * LOW HITPOINT WARNING * * *
You closely miss the adder.
The adder is moderately wounded.
You slash the scorpion!
You feel sick. The adder bites you.
* * * LOW HITPOINT WARNING * * *
The scorpion barely misses you. The adder bites you.
* * * LOW HITPOINT WARNING * * *
You are more poisoned.
The adder poisons you! The scorpion misses you.
You feel sick. The adder completely misses you.
The scorpion attacks as you move away! The scorpion completely misses you.
You feel sick. The adder barely misses you. The adder attacks as you move away!
The adder misses you.
You feel sick.
You slash the scorpion!
You kill the scorpion!
Trog accepts your kill.
You feel sick. The adder bites you but does no damage.
Your Stealth skill increases to level 1!
You hit the adder.
The adder is severely wounded.
You feel sick. The adder barely misses you. The adder bites you.
* * * LOW HITPOINT WARNING * * *
You are lethally poisoned!
The adder poisons you!
You closely miss the adder.
The adder is severely wounded.
* * * LOW HITPOINT WARNING * * *
You feel sick. The adder bites you.
You die...

.... ... ..# .... ..#
.... #.## #.... #..
#.... #.# #.... #@###
#...##S#.## #........#
. #.......## ..
..#......## ...
.........†.# ....
.(.........# ..$..
.#......##.######....#
###...###.#.........#


You could see an adder.

Vanquished Creatures
  The ghost of Heh the Skirmisher, an amateur MiMo (D:3)
  A phantom (D:4)
  A scorpion (D:4)
  A hound (D:4)
  An orc wizard (D:3)
  Robin (D:3)
  3 adders
  2 worms
  2 dart slugs (D:1)
  6 orcs (D:3)
  4 ball pythons
  8 endoplasms
  A giant cockroach (D:2)
  14 goblins
  7 hobgoblins
  3 jackals (D:1)
  5 kobolds
  6 bats
  2 frilled lizards (D:1)
  5 rats
74 creatures vanquished.

Notes
Turn   | Place    | Note
-------+----------+-------------------------------------------
     0 | D:1      | purpskrrrp the Ogre Fighter began the quest for the Orb.
     0 | D:1      | Reached XP level 1. HP: 24/24 MP: 1/1
   262 | D:1      | Reached XP level 2. HP: 26/32 MP: 2/2
   407 | D:1      | Found a faded altar of an unknown god.
   588 | D:1      | Prayed at the altar of an unknown god.
   588 | D:1      | Became a worshipper of Trog the Wrathful
   588 | D:1      | Reached * piety under Trog
   839 | D:1      | Reached XP level 3. HP: 33/40 MP: 3/3
  1785 | D:2      | Identified the +4 hunting sling "Rookaq" {freeze, rF- Will+
                  | Dex+4}
  1867 | D:2      | Reached XP level 4. HP: 45/49 MP: 4/4
  2009 | D:2      | Found a shimmering altar of Xom.
  2521 | D:3      | Reached skill level 1 in Crossbows
  2931 | D:3      | Found a large runed translucent door.
  2931 | D:3      | Found a large runed translucent door.
  2943 | D:3      | Noticed Heh's ghost (amateur MiMo)
  2955 | D:3      | Reached XP level 5. HP: 54/55 MP: 5/5
  2970 | D:3      | Killed Heh's ghost
  2971 | D:3      | Reached skill level 5 in Fighting
  3034 | D:3      | Noticed Robin
  3066 | D:3      | Killed Robin
  3067 | D:3      | Reached XP level 6. HP: 65/66 MP: 6/6
  3081 | D:3      | Reached ** piety under Trog
  3331 | D:3      | Found a glowing silver altar of Zin.
  3682 | D:4      | Reached skill level 1 in Stealth
  3683 | D:4      | HP: 3/67 [poisoned by an adder]
  3683 | D:4      | Slain by an adder

Illustrated notes

Levels and vault maps discovered:
D:1:      dpeg_arrival_lava_temple_mockup, layout_basic,
          hellmonk_ecumenical_altar_prayer_group, roderic_serpentine_path
D:2:      layout_loops_ring, basic_altar, nrook_campfire, serial_bayou_pond_a
D:3:      layout_basic, mainiacjoe_overflow_surrounded_room,
          ebering_ghost_disaster_area, uniq_robin
D:4:      layout_cave_pools, mainiacjoe_overflow_catwalk, kennysheep_little_box,
          chequers_serial_rivers_small_b

Skill      XL: |  1  2  3  4  5  6 |
---------------+-------------------+-----
Dodging        | 3 |  3.5
Crossbows      | 1 2 |  2.3
Fighting       | 5 |  5.6
Axes           | 3 |  3.7
Stealth        | 1 |  1.0
Maces & Flails | |  0.7
Slings         | |  0.5
Shields        | |  3.4

Action                   |  1- 3 |  4- 6 || total
-------------------------+-------+-------++-------
Melee: War axe           |    14 |    60 ||    74
       Mace              |    83 |       ||    83
       Arbalest          |     1 |       ||     1
       Short sword       |       |     2 ||     2
       Punch             |       |     1 ||     1
 Fire: Arbalest          |    12 |    48 ||    60
       Hunting sling     |       |     6 ||     6
Invok: Berserk           |     1 |     2 ||     3
  Use: Scroll            |     6 |     2 ||     8
       Potion            |       |     5 ||     5
 Stab: Sleeping          |       |     1 ||     1
Armor: Robe              |    41 |    30 ||    71
Dodge: Dodged            |    46 |    54 ||   100
Block: Kite shield       |    35 |       ||    35

Table legend: (Time is in decaauts)
 A = Elapsed time spent in this place.
 B = Non-inter-level travel time spent in this place.
 C = Inter-level travel time spent in this place.
 D = Time resting spent in this place.
 E = Time spent auto-exploring this place.
 F = Levels seen in this place.
 G = Mean time per level.
                   A        B        C        D        E       F      G
               +--------+--------+--------+--------+--------+-----+--------+
         Total |   3815 |   3542 |    273 |    647 |   2261 |   4 |  953.8 |
       Dungeon |   3815 |   3542 |    273 |    647 |   2261 |   4 |  953.8 |
               +--------+--------+--------+--------+--------+-----+--------+

Top non-repeatable levels by time:
     D:3: 1517 daAuts
     D:1: 1298 daAuts
     D:2: 940 daAuts
     D:4: 58 daAuts
